 Dungeon Crawl Stone Soup version 0.26-a0-651-gb41185065b (webtiles) character file.

Game seed: 16708429360932497214

4363 Irenicus the Earth Mage (level 10, -4/75 HPs)
             Began as a Deep Dwarf Earth Elementalist on Oct 21, 2020.
             Was a Believer of Makhleb.
             Killed themself with a badly aimed iceblast (18 damage)
             ... on level 8 of the Dungeon.
             The game lasted 00:28:15 (3785 turns).

Irenicus the Earth Mage (DDEE)                      Turns: 3785, Time: 00:28:15

Health: -4/75      AC:  6    Str: 13    XL:     10   Next: 12%
Magic:  2/12       EV: 12    Int: 18    God:    Makhleb [**....]
Gold:   254        SH:  0    Dex: 13    Spells: 1/12 levels left

rFire    . . .     SeeInvis +   m - +3 short sword
rCold    + . .     Faith    .   (no shield)
rNeg     . . .     Spirit   .   n - +1 leather armour {rC+}
rPois    .         Reflect  .   r - +0 hat {MR+}
rElec    .         Harm     .   y - +0 cloak
rCorr    .         Rampage  .   l - +0 pair of gloves
MR       ++...                  (no boots)
Stlth    ++........             (no amulet)
HPRegen  0.00/turn              o - ring of see invisible {sInv, !d}
MPRegen  0.13/turn              (no ring)

@: non-regenerating
A: damage resistance, heal wounds, sense surroundings 2, no regeneration
a: Heal Wounds, Minor Destruction, Renounce Religion


You were on level 8 of the Dungeon.
You worshipped Makhleb.
Makhleb was pleased with you.
You visited 1 branch of the dungeon, and saw 8 of its levels.

You collected 254 gold pieces.

Inventory:

Hand Weapons
 m - a +3 short sword (weapon)
   (You took it off an orc on level 3 of the Dungeon)
 w - a +0 rapier of speed
   (You found it on level 5 of the Dungeon)
Missiles
 b - 160 stones (quivered)
 c - a throwing net {=f, !d}
Armour
 l - a +0 pair of gloves (worn)
   (You found it on level 3 of the Dungeon)
 n - a +1 leather armour of cold resistance (worn)
   (You took it off Eustachio on level 4 of the Dungeon)
 r - a +0 hat of magic resistance (worn)
   (You took it off Gastronok on level 8 of the Dungeon)
 x - a +0 buckler
   (You found it on level 6 of the Dungeon)
 y - a +0 cloak (worn)
   (You found it on level 6 of the Dungeon)
Jewellery
 o - a ring of see invisible (left hand) {sInv, !d}
   (You found it on level 4 of the Dungeon)
Wands
 d - a wand of random effects (4)
   (You took it off Grinder on level 3 of the Dungeon)
Scrolls
 a - a scroll of blinking {!r}
 f - 4 scrolls of remove curse
 h - 2 scrolls of fear
 i - 4 scrolls of teleportation
 j - a scroll of amnesia {unknown}
 k - a scroll of random uselessness {unknown}
 p - a scroll of enchant armour {unknown}
 s - 2 scrolls of magic mapping {!r}
 A - 2 scrolls of fog {unknown}
 C - 2 scrolls of identify
Potions
 e - 3 potions of stabbing {unknown}
 g - a potion of flight
 q - a potion of might
 t - 4 potions of haste {unknown}
 u - 2 potions of curing {unknown}
 v - a potion of resistance
 z - a potion of brilliance
 B - a potion of ambrosia {unknown}


   Skills:
 - Level 2.1 Dodging
 - Level 2.4 Stealth
 - Level 1.7 Spellcasting
 - Level 0.8 Transmutations
 - Level 15.0 Earth Magic
 + Level 11.2 Evocations


You had one spell level left.
You knew the following spells:

 Your Spells              Type           Power        Failure   Level
a - Sandblast             Erth           ######       1%          1
w - Passwall              Tmut/Erth      ####....     1%          2
x - Stone Arrow           Conj/Erth      ####..       3%          3
z - Lee's Rapid Deconstr  Erth           ######....   1%          5

Your spell library contained the following spells:

 Spells                   Type           Power        Failure   Level
 Corona                   Hex            #......      24%         1
 Petrify                  Tmut/Erth      ####....     9%          4
 Ensorcelled Hibernation  Hex/Ice        #.....       34%         2
 Confusing Touch          Hex            #.......     56%         3
 Dazzling Flash           Conj/Hex       #.....       56%         3
 Gell's Gravitas          Tloc           #.........   56%         3
 Tukima's Dance           Hex            #.......     56%         3
 Yara's Violent Unravell  Hex/Tmut       #.........   99%         5
 Metabolic Englaciation   Hex/Ice        #.........   100%        5


Dungeon Overview and Level Annotations

Branches:
Dungeon (8/15)             Temple (0/1) D:6
   Lair: D:8-11

Altars:
Dithmenos
Gozag
Kikubaaqudgha
Makhleb
Nemelex Xobeh
Okawaru
Ru
Uskayaw
Vehumet
Xom
Zin
The Shining One

Shops:
D:4 }   D:5 !

Annotations:
D:4 cheap wands


Innate Abilities, Weirdness & Mutations

You are resistant to damage.
You can heal yourself by infusing magical energy.
You passively map the area around you.
You do not regenerate.


Message History

Makhleb accepts your kill.
Casting: Sandblast (safe; 1% risk of failure)
Confirm with . or Enter, or press ? or * to list all spells.
You don't have enough magic to cast that spell.
You puncture the orc!
You kill the orc!
Makhleb accepts your kill.
Items here: ))) [[ †.
You see here a +0 short sword.
Items here: )))))) [[[ †††.
You see here a +0 short sword.
Items here: ))) [[ †.
An adder comes into view.
The adder hisses angrily.
The adder bites you but does no damage.
Casting: Sandblast (safe; 1% risk of failure)
Confirm with . or Enter, or press ? or * to list all spells.
Aiming: Sandblast (safe; 1% risk of failure)
Press: ? - help, Shift-Dir - straight line, f - adder
Aim: an adder The blast of sand hits the adder.
The adder is heavily wounded.
b - 163 stones The adder barely misses you.
You now have 3/12 mp.
Casting: Sandblast (safe; 1% risk of failure)
Confirm with . or Enter, or press ? or * to list all spells.
Aiming: Sandblast (safe; 1% risk of failure)
Press: ? - help, Shift-Dir - straight line, f/p - adder
Aim: an adder (heavily wounded)
The blast of sand hits the adder!!
You kill the adder!
Makhleb accepts your kill.
You feel better.
b - 162 stones You regained 2 hp, and now have 33/75 hp.
You now have 2/12 mp.
Found a stone staircase leading down.
f - 4 scrolls of remove curse (gained 1)
Found a stone staircase leading down.
A two-headed ogre comes into view.
It is wielding two +0 giant spiked clubs.
Found a stone staircase leading up.
An ice beast and a two-headed ogre come into view.
The two-headed ogre shouts in stereo! x2
Found a stone staircase leading up.
Casting: Sandblast (safe; 1% risk of failure)
Confirm with . or Enter, or press ? or * to list all spells.
Aiming: Sandblast (safe; 1% risk of failure)
Press: ? - help, Shift-Dir - straight line, f - two-headed ogre
Aim: a two-headed ogre, wielding two +0 giant spiked clubs The blast of sand hits the two-headed ogre!
The two-headed ogre is moderately wounded.
b - 161 stones You now have 6/12 mp.
Casting: Sandblast (safe; 1% risk of failure)
Confirm with . or Enter, or press ? or * to list all spells.
Aiming: Sandblast (safe; 1% risk of failure)
Press: ? - help, Shift-Dir - straight line, f/p - two-headed ogre
Aim: a two-headed ogre, wielding two +0 giant spiked clubs (moderately wounded)
The blast of sand hits the two-headed ogre!!
The two-headed ogre is severely wounded.
b - 160 stones The two-headed ogre closely misses you.
The two-headed ogre hits you with a cursed +0 giant spiked club!
* * * LOW HITPOINT WARNING * * *
You take 15 damage, and have 18/75 hp.
Casting: Sandblast (safe; 1% risk of failure)
Confirm with . or Enter, or press ? or * to list all spells.
Aiming: Lee's Rapid Deconstruction (dangerous; 1% risk of failure)
Press: ? - help, Dir - move target cursor, p - two-headed ogre A stone wall.
The wall shatters!
The blast of rock fragments hits the two-headed ogre!
The two-headed ogre is almost dead.
The two-headed ogre hits you with a +0 giant spiked club.
The two-headed ogre hits you with a cursed +0 giant spiked club.
* * * LOW HITPOINT WARNING * * *
You take 4 damage, and have 14/75 hp.
You now have 1/12 mp.
Casting: Lee's Rapid Deconstruction (dangerous; 1% risk of failure)
Confirm with . or Enter, or press ? or * to list all spells.
Aiming: Sandblast (safe; 1% risk of failure)
Press: ? - help, Shift-Dir - straight line, f - two-headed ogre
Aim: a two-headed ogre, wielding two +0 giant spiked clubs (almost dead)
Okay, then.
Casting: Sandblast (safe; 1% risk of failure)
Confirm with . or Enter, or press ? or * to list all spells.
You don't have enough magic to cast that spell.
Evoke which item? (* to show all) (? for menu, Esc to quit)
Aiming: Random Effects
Press: ? - help, Shift-Dir - straight line, f - two-headed ogre
Aim: a two-headed ogre, wielding two +0 giant spiked clubs (almost dead)
The two-headed ogre resists with significant effort.
Evoke which item? (* to show all) (? for menu, Esc to quit)
Press: ? - help, Shift-Dir - straight line, f - two-headed ogre, p - two-headed ogre
Aim: a two-headed ogre, wielding two +0 giant spiked clubs The mass of ice explodes!
The iceblast engulfs the two-headed ogre!!
The two-headed ogre is severely wounded.
The iceblast engulfs you!! You partially resist.
You die...

#................##
####.............##
#...............
#####...............
#........#####......
#....#####...##.....
#....# ##8.<.8##....
#....# #.......#....
#..@O###.Y.8.>.#.###
#...OY.#...O...#.
##.....##8...8# , ,
#......##...# ,..
#.......##.##....
#.................,
#.................
#...####..........,
#...# #..........


You could see 2 two-headed ogres and an ice beast.

Vanquished Creatures
  Gastronok (D:8)
  Grinder (D:3)
  Sigmund (D:3)
  Eustachio (D:4)
  2 water moccasins
  2 orc warriors (D:8)
  A black bear (D:6)
  2 sky beasts
  2 centaurs (D:7)
  A big kobold (D:7)
  A bullfrog (D:6)
  A scorpion (D:4)
  3 wights (D:7)
  A howler monkey (D:4)
  A crimson imp (D:4)
  A quasit (D:7)
  2 centaur skeletons (D:4)
  5 orc priests
  A hound (D:3)
  2 bullfrog skeletons
  Ijyb (D:3)
  Natasha (thrice) (D:3)
  6 orc wizards
  5 worker ants
  A hound skeleton (D:2)
  5 gnolls
  12 adders
  An ufetubus (D:7)
  An ooze (D:7)
  An adder skeleton (D:4)
  8 worms
  6 dart slugs
  3 leopard geckos
  33 orcs
  8 giant cockroaches
  7 goblins
  8 hobgoblins
  10 jackals
  11 kobolds
  6 quokkas
  A ball python (D:2)
  10 bats
  6 frilled lizards
  A leopard gecko skeleton (D:4)
  A quokka zombie (D:6)
  7 rats
194 creatures vanquished.

Notes
Turn   | Place    | Note
-------+----------+-------------------------------------------
     0 | D:1      | Irenicus the Deep Dwarf Earth Elementalist began the quest
                  | for the Orb.
     0 | D:1      | Reached XP level 1. HP: 15/15 MP: 3/3
   129 | D:1      | Reached XP level 2. HP: 22/22 MP: 0/4
   203 | D:1      | Reached skill level 5 in Earth Magic
   369 | D:1      | Reached XP level 3. HP: 28/28 MP: 3/5
   416 | D:1      | Reached skill level 6 in Earth Magic
   623 | D:2      | Found a sacrificial altar of Ru.
   660 | D:2      | Reached XP level 4. HP: 15/36 MP: 3/6
   715 | D:2      | Reached skill level 7 in Earth Magic
   748 | D:2      | HP: 7/36 [dart slug/slug dart (6)]
   872 | D:2      | Found a faded altar of an unknown god.
  1012 | D:2      | Learned a level 2 spell: Passwall
  1058 | D:3      | Reached XP level 5. HP: 27/42 MP: 2/7
  1092 | D:3      | Found an iron altar of Okawaru.
  1121 | D:3      | Reached skill level 8 in Earth Magic
  1124 | D:3      | Noticed Natasha
  1129 | D:3      | Killed Natasha
  1151 | D:3      | HP: 7/42 [orc priest/divine providence (10)]
  1285 | D:3      | Noticed Sigmund
  1294 | D:3      | Noticed Grinder
  1295 | D:3      | Noticed Natasha
  1303 | D:3      | Killed Natasha
  1303 | D:3      | Reached skill level 9 in Earth Magic
  1303 | D:3      | Reached XP level 6. HP: 49/49 MP: 0/8
  1315 | D:3      | Killed Grinder
  1315 | D:3      | Reached skill level 10 in Earth Magic
  1395 | D:3      | Killed Sigmund
  1395 | D:3      | Reached skill level 11 in Earth Magic
  1395 | D:3      | Reached XP level 7. HP: 38/55 MP: 2/9
  1468 | D:3      | Noticed Natasha
  1473 | D:3      | Killed Natasha
  1480 | D:3      | Noticed Ijyb
  1492 | D:3      | Killed Ijyb
  1747 | D:4      | Noticed Eustachio
  1751 | D:4      | Killed Eustachio
  1751 | D:4      | Reached skill level 12 in Earth Magic
  1754 | D:4      | Reached XP level 8. HP: 28/62 MP: 3/10
  1790 | D:4      | Found Lojympaaj's Gadget Boutique.
  1844 | D:4      | Found a burning altar of Makhleb.
  1844 | D:4      | Found a radiant altar of Vehumet.
  1853 | D:4      | Became a worshipper of Makhleb the Destroyer
  1915 | D:4      | You fall into a shaft and drop 1 floor!
  1915 | D:5      | Entered Level 5 of the Dungeon
  1929 | D:5      | Found a glowing golden altar of the Shining One.
  2037 | D:4      | Reached skill level 13 in Earth Magic
  2195 | D:4      | Found a shimmering altar of Xom.
  2195 | D:4      | Found an ancient bone altar of Kikubaaqudgha.
  2448 | D:5      | HP: 15/62 [orc wizard/magic dart (3)]
  2466 | D:5      | Found Xik Osa's Distillery.
  2524 | D:6      | Found a staircase to the Ecumenical Temple.
  2575 | D:6      | Reached skill level 14 in Earth Magic
  2612 | D:6      | Reached * piety under Makhleb
  2797 | D:6      | HP: 11/62 [bullfrog (2)]
  2831 | D:6      | Found a hide-covered altar of Uskayaw.
  2946 | D:6      | Found a sparkling altar of Nemelex Xobeh.
  2946 | D:6      | Found an opulent altar of Gozag.
  3052 | D:7      | Found a shadowy altar of Dithmenos.
  3074 | D:7      | Gained mutation: You passively map the area around you.
                  | [Deep Dwarf growth]
  3074 | D:7      | Reached XP level 9. HP: 15/68 MP: 0/11
  3090 | D:7      | HP: 13/68 [jackal (2)]
  3157 | D:7      | Reached skill level 15 in Earth Magic
  3157 | D:7      | Reached skill level 1 in Evocations
  3175 | D:7      | Reached skill level 2 in Evocations
  3180 | D:7      | Learned a level 3 spell: Stone Arrow
  3199 | D:7      | Reached skill level 3 in Evocations
  3280 | D:7      | Reached skill level 4 in Evocations
  3318 | D:7      | Reached ** piety under Makhleb
  3480 | D:8      | Reached skill level 5 in Evocations
  3505 | D:8      | Found a glowing silver altar of Zin.
  3506 | D:8      | Found a shadowy altar of Dithmenos.
  3548 | D:8      | Learned a level 5 spell: Lee's Rapid Deconstruction
  3611 | D:8      | Noticed Gastronok
  3622 | D:8      | HP: 4/68 [Gastronok/the air (22)]
  3626 | D:8      | Killed Gastronok
  3626 | D:8      | Reached skill level 10 in Evocations
  3626 | D:8      | Reached XP level 10. HP: 52/75 MP: 3/12
  3674 | D:8      | Reached skill level 11 in Evocations
  3771 | D:8      | Noticed a two-headed ogre
  3772 | D:8      | Noticed a two-headed ogre
  3776 | D:8      | HP: 18/75 [two-headed ogre/+0 giant spiked club (15)]
  3785 | D:8      | Killed themself with a badly aimed iceblast

Illustrated notes

Levels and vault maps discovered:
D:1:      onia_arrival_mini_spirals, layout_loops_ring, minmay_hexomino_c4
D:2:      layout_basic, nicolae_ru_path_of_blood,
          chequers_ecumenical_altar_simple_redux
D:3:      minmay_general_purpose_star, layout_rooms, okawaru_altar_gauntlet_db,
          minmay_misc_feat_more_columns, kennysheep_generic_room_3,
          uniq_natasha, uniq_sigmund, uniq_ijyb, uniq_grinder
D:4:      layout_loops_ring, grunt_temple_overflow_lords_of_destruction,
          gammafunk_temple_overflow_elements, serial_shops,
          nicolae_shop_temple_entry_statues_fountains, minmay_statues_item,
          uniq_eustachio
D:5:      layout_basic, tso_metal_star, serial_shops, kennysheep_mini,
          hangedman_decor_opposing
D:6:      layout_basic, grunt_temple_overflow_opulence,
          eat_drink_and_be_merry_uskayaw, lemuel_temple_firewalk_b,
          item_on_display_a
D:7:      layout_loops_ring, grunt_dithmenos_smoke
D:8:      layout_basic, grunt_temple_overflow_open, special_room
          [special_room_orc], minivault_1, nrook_loot_triangle,
          grunt_ministairs_7, uniq_gastronok

Skill      XL: |  1  2  3  4  5  6  7  8  9 10 |
---------------+-------------------------------+-----
Earth Magic    | 5 6 7 9 11 12 14 15 | 15.0
Evocations     | 10 11 | 11.2
Dodging        | |  2.1
Stealth        | |  2.4
Spellcasting   | |  1.7
Transmutations | |  0.8

Action                   |  1- 3 |  4- 6 |  7- 9 | 10-12 || total
-------------------------+-------+-------+-------+-------++-------
Melee: Club              |    11 |       |       |       ||    11
       Short sword       |     9 |    69 |    16 |    15 ||   109
       Rapier            |       |       |     3 |       ||     3
 Cast: Sandblast         |    37 |    65 |   137 |    18 ||   257
       Passwall          |       |     2 |    21 |       ||    23
       Lee's Rapid Decon |       |       |       |     1 ||     1
 Abil: Heal Wounds       |       |     3 |       |       ||     3
Evoke: Wand              |       |       |     7 |    17 ||    24
  Use: Scroll            |     2 |     4 |     8 |       ||    14
       Potion            |       |     3 |     2 |       ||     5
 Stab: Sleeping          |     1 |     1 |     5 |       ||     7
       Paralysed         |       |       |       |     8 ||     8
Armor: Robe              |    13 |       |       |       ||    13
       Ring mail         |       |    27 |    10 |       ||    37
       Skin              |       |    80 |       |       ||    80
       Leather armour    |       |       |    16 |     7 ||    23
Dodge: Dodged            |    28 |    64 |    42 |     9 ||   143

Table legend: (Time is in decaauts)
 A = Elapsed time spent in this place.
 B = Non-inter-level travel time spent in this place.
 C = Inter-level travel time spent in this place.
 D = Time resting spent in this place.
 E = Time spent auto-exploring this place.
 F = Levels seen in this place.
 G = Mean time per level.
                   A        B        C        D        E       F      G
               +--------+--------+--------+--------+--------+-----+--------+
         Total |   3805 |   3683 |    122 |     20 |      0 |   8 |  475.6 |
       Dungeon |   3805 |   3683 |    122 |     20 |      0 |   8 |  475.6 |
               +--------+--------+--------+--------+--------+-----+--------+

Top non-repeatable levels by time:
     D:3: 637 daAuts
     D:1: 537 daAuts
     D:4: 537 daAuts
     D:6: 533 daAuts
     D:2: 497 daAuts
     D:7: 451 daAuts
     D:8: 310 daAuts
     D:5: 299 daAuts

Table legend:
 A = Kills in this place as a percentage of kills in entire the game.
 B = Kills by you in this place as a percentage of kills by you in the entire game.
 C = Kills by friends in this place as a percentage of kills by friends in the entire game.
 D = Other kills in this place as a percentage of other kills in the entire game.
 E = Experience gained in this place as a percentage of experience gained in the entire game.
 F = Experience gained in this place divided by the number of levels of this place that you have seen.
                   A       B       C       D       E      F
               +-------+-------+-------+-------+-------+----------------------
         Total | 100.0 | 100.0 |   N/A |   N/A | 100.0 | 779.1
       Dungeon | 100.0 | 100.0 |   N/A |   N/A | 100.0 | 779.1
               +-------+-------+-------+-------+-------+----------------------
